 Dungeon Crawl Stone Soup version 0.23.2-1-ga50397a (webtiles) character file.

Game seed: 13636675252932119107

2905 IBeShadow the Fighter (level 9, -1/175 HPs)
             Began as a Demonspawn Gladiator on May 5, 2019.
             Was a Priest of Okawaru.
             Slain by an ogre
             ... wielding a +0 giant spiked club
              (5 damage)
             ... on level 9 of the Dungeon.
             The game lasted 00:25:54 (8121 turns).

IBeShadow the Fighter (Demonspawn Gladiator)        Turns: 8121, Time: 00:25:56

Health: -1/175     AC: 24    Str: 24    XL:     9   Next: 49%
Magic:  0/23       EV:  2    Int:  9    God:    Okawaru [***...]
Gold:   500        SH:  0    Dex: 19    Spells: 8/8 levels left

rFire    . . .     SeeInvis .   a - +1 rapier
rCold    . . .     Gourm    +   (no shield)
rNeg     + + +     Faith    .   (armour currently unavailable)
rPois    +         Spirit   +   (helmet currently unavailable)
rElec    .         Reflect  .   (cloak currently unavailable)
rCorr    .         Harm     .   (gloves currently unavailable)
MR       .....     NoTele   +   (boots currently unavailable)
Stlth    ..........             n - amulet of the gourmand
HPRegen  0.39/turn              s - +2 ring of evasion
MPRegen  0.18/turn              y - ring of magical power

@: agile, berserking, tree-form, very quick
A: demonic guardian 1, magic shield
a: Heroism, Renounce Religion


You were on level 9 of the Dungeon.
You worshipped Okawaru.
Okawaru was most pleased with you.
You were full.
You were a tree.
You visited 2 branches of the dungeon, and saw 10 of its levels.

You collected 500 gold pieces.

Inventory:

Hand Weapons
 a - a +1 rapier (weapon)
 l - a +0 hand crossbow
 B - a +2 dagger of speed
 D - the +8 mithril axe "Arga" {speed, MR+}
   (You found it on level 8 of the Dungeon)

   Attacks with this weapon are significantly faster.
   It affects your resistance to hostile enchantments.
Missiles
 d - 2 throwing nets (quivered)
Armour
 r - a scarf of resistance (melded)
 C - a +3 leather armour (melded)
Magical Staves
 q - an uncursed staff of death {unknown}
Jewellery
 n - an amulet of the gourmand (around neck)
 s - a +2 ring of evasion (left branch)
 y - a ring of magical power (right branch)
Wands
 u - a wand of random effects (16)
 F - a wand of paralysis (6)
Scrolls
 b - 6 scrolls of remove curse
 h - 2 scrolls of enchant weapon
 j - 4 scrolls of teleportation {unknown}
 m - a scroll of blinking
 p - a scroll of magic mapping
 w - a scroll of identify
 x - a scroll of immolation
 z - 2 scrolls of amnesia
Potions
 i - a potion of cancellation {unknown}
 k - a potion of lignification
 v - a potion of haste {unknown}
 A - a potion of invisibility {unknown}
 E - a potion of flight {unknown}
Comestibles
 f - 9 rations


   Skills:
 * Level 9.8 Fighting
 - Level 6.0 Short Blades
 + Level 2.7 Axes
 - Level 1.7 Throwing
 - Level 2.6 Dodging
 + Level 7.7 Invocations


You had 8 spell levels left.
You didn't know any spells.
Your spell library was empty.

Dungeon Overview and Level Annotations

Branches:
Dungeon (9/15)             Temple (1/1) D:5            Lair (0/6) D:9
    Orc: D:9-12

Altars:
Ashenzari
Cheibriados
Dithmenos
Elyvilon
Fedhas
Gozag
Hepliaklqana
Kikubaaqudgha
Makhleb
Nemelex Xobeh
Okawaru
Qazlal
Ru
Sif Muna
Trog
Uskayaw
Vehumet
Wu Jian
Xom
Yredelemnul
Zin
The Shining One

Shops:
D:7 :


Innate Abilities, Weirdness & Mutations

((You have a pair of small horns on your head.))
((You are partially covered in slimy green scales. (AC +2)))
A weak demonic guardian rushes to your aid.
When hurt, damage is shared between your health and your magic reserves.


Message History

The yak gores you but does no damage.
The ogre hits you with a +0 giant spiked club!
* * * LOW HITPOINT WARNING * * *
You barely miss the ogre. The yak gores you.
* * * LOW HITPOINT WARNING * * *
The yak gores something!
Your iron imp hits the yak!
The yak gores you but does no damage. x2
You puncture the ogre!
The ogre is heavily wounded.
The yak gores you but does no damage. The ogre hits you but does no damage.
You closely miss the ogre.
The ogre is heavily wounded.
The yak gores you but does no damage.
Your iron imp hits the yak.
You puncture the ogre!
The ogre is almost dead.
The yak gores you.
* * * LOW HITPOINT WARNING * * *
Your white imp barely misses the ogre.
The yak closely misses your iron imp.
The ogre hits you with a +0 giant spiked club.
You die...

......................#
......................#
......(..Y............#
......................#
......#######..........
......# #...######
......# #..Y†.# ......+
#.YY#Y## ......#
####♣..# ......+
#OYY..# ......#
#5.Y.5..# #.....Y.#
#..........
.............
.......>.......
...............


You could see 8 yaks, an ogre, a friendly iron imp and a friendly white imp.

Vanquished Creatures
  3 yaks (D:9)
  A wyvern (D:8)
  A sky beast (D:5)
  6 phantoms
  A necrophage (D:8)
  2 ogres
  A centaur (D:5)
  A crocodile (D:9)
  A bullfrog (D:6)
  A scorpion (D:5)
  6 killer bees
  2 howler monkeys
  A centaur zombie (D:8)
  2 hounds
  2 orc priests
  A jelly (D:8)
  An iguana (D:5)
  Jessica (D:3)
  3 orc wizards
  7 worker ants
  4 gnolls (D:5)
  13 adders
  2 oozes
  4 worms
  2 dart slugs (D:4)
  6 leopard geckos
  23 orcs
  13 bats
  2 giant cockroaches
  4 hobgoblins
  4 jackals
  11 kobolds
  3 quokkas
  13 frilled lizards
  7 goblins
  A jackal skeleton (D:5)
  15 rats
171 creatures vanquished.

Vanquished Creatures (collateral kills)
  A black bear (D:8)
  A bullfrog (D:8)
  A wyvern zombie (D:8)
  A bullfrog zombie (D:5)
  2 adders
  An orc (D:9)
  2 jackals (D:8)
9 creatures vanquished.

Vanquished Creatures (others)
  A fungus (D:9)
  A plant (D:9)
  4 toadstools (D:1)
6 creatures vanquished.

Grand Total: 186 creatures vanquished

Notes
Turn   | Place    | Note
-------+----------+-------------------------------------------
     0 | D:1      | IBeShadow the Demonspawn Gladiator began the quest for the
                  | Orb.
     0 | D:1      | Reached XP level 1. HP: 16/16 MP: 1/1
   385 | D:1      | Gained mutation: You are partially covered in slimy green
                  | scales. (AC +2) [demonic ancestry]
   385 | D:1      | Reached XP level 2. HP: 23/23 MP: 2/2
   799 | D:1      | Reached skill level 3 in Fighting
  1035 | D:2      | Reached XP level 3. HP: 23/29 MP: 3/3
  1875 | D:2      | Found a hide-covered altar of Uskayaw.
  1887 | D:2      | Reached XP level 4. HP: 36/37 MP: 4/4
  2051 | D:2      | Reached skill level 4 in Fighting
  2326 | D:3      | Found an iron altar of Okawaru.
  2389 | D:3      | Became a worshipper of Warmaster Okawaru
  2649 | D:3      | Noticed Jessica
  2652 | D:3      | Killed Jessica
  2652 | D:3      | Gained mutation: When hurt, damage is shared between your
                  | health and your magic reserves. [demonic ancestry]
  2652 | D:3      | Reached XP level 5. HP: 37/43 MP: 5/5
  3345 | D:4      | Noticed a phantom
  3371 | D:3      | Killed a phantom
  3371 | D:3      | Reached skill level 5 in Fighting
  3371 | D:3      | Reached skill level 1 in Invocations
  3371 | D:3      | Reached XP level 6. HP: 14/51 MP: 1/7
  3894 | D:4      | Reached * piety under Okawaru
  3991 | D:4      | Reached skill level 6 in Fighting
  4005 | D:4      | Gained mutation: A weak demonic guardian rushes to your
                  | aid. [demonic ancestry]
  4005 | D:4      | Reached XP level 7. HP: 53/58 MP: 9/9
  4485 | D:5      | Entered Level 5 of the Dungeon
  4910 | D:5      | Reached ** piety under Okawaru
  4910 | D:5      | Reached skill level 7 in Fighting
  4910 | D:5      | Reached skill level 5 in Short Blades
  5472 | D:5      | Gained mutation: You have a pair of small horns on your
                  | head. [demonic ancestry]
  5472 | D:5      | Reached XP level 8. HP: 57/67 MP: 8/11
  5575 | D:5      | Reached skill level 5 in Invocations
  5613 | D:5      | Found a staircase to the Ecumenical Temple.
  5622 | Temple   | Entered the Ecumenical Temple
  6416 | D:6      | Reached skill level 8 in Fighting
  6426 | D:6      | Was placed under penance by Okawaru
  6518 | D:6      | Noticed an orc knight
  6518 | D:6      | Noticed a troll
  6518 | D:6      | Noticed a naga warrior
  6518 | D:6      | Noticed a naga sharpshooter
  6536 | D:7      | Noticed a tengu warrior
  6536 | D:7      | Noticed a tengu warrior
  6536 | D:7      | Noticed a cyclops
  6906 | D:8      | Found the +8 mithril axe "Arga" {speed, MR+}
  6915 | D:8      | Was forgiven by Okawaru
  7203 | D:8      | Reached *** piety under Okawaru
  7203 | D:8      | Reached skill level 9 in Fighting
  7203 | D:8      | Reached skill level 1 in Axes
  7203 | D:8      | Reached XP level 9. HP: 63/76 MP: 14/14
  7433 | D:7      | Found Fieq's Book Boutique.
  8046 | D:9      | Noticed an elephant
  8047 | D:9      | Found a staircase to the Lair.
  8111 | D:9      | HP: 2/117 [yak (5)]
  8117 | D:9      | HP: 5/175 [ogre/+0 giant spiked club (11)]
  8121 | D:9      | Slain by an ogre

Skill      XL: |  1  2  3  4  5  6  7  8  9 |
---------------+----------------------------+-----
Short Blades   | 3 4 5 6 |  6.0
Fighting       | 3 4 5 6 7 9 |  9.8
Invocations    | 1 3 4 6 7 |  7.7
Axes           | 1 2 |  2.7
Throwing       | |  1.7
Dodging        | |  2.6

Action                   |  1- 3 |  4- 6 |  7- 9 || total
-------------------------+-------+-------+-------++-------
Melee: Rapier            |   135 |   230 |   515 ||   880
       Headbutt          |       |       |    60 ||    60
Throw: Throwing net      |       |       |     1 ||     1
  Use: Scroll            |       |       |     8 ||     8
       Potion            |       |       |    15 ||    15
 Stab: Distracted        |       |       |     1 ||     1
  Eat: Chunk             |     3 |    16 |    11 ||    30
Armor: Leather armour    |    38 |       |    41 ||    79
       Ring mail         |    31 |   114 |   109 ||   254
       Skin              |       |       |    61 ||    61
Dodge: Dodged            |   107 |   146 |   404 ||   657
